[Event "FIDE WYCC Girls U14 2023"]
[Site "Montesilvano"]
[Date "2023.11.17"]
[Round "5.2"]
[White "Agamyradova, Mahri"]
[Black "Piddubna, Bozhena"]
[Result "1/2-1/2"]
[ECO "A47"]
[WhiteElo "1652"]
[BlackElo "2081"]
[Annotator "NA"]
[PlyCount "90"]
[EventDate "2023.11.13"]
[EventType "swiss"]
[EventCountry "ITA"]
[SourceTitle "playchess.com"]
[Source "ChessBase"]
[SourceQuality "1"]
[TimeControl "40/5400+30:1800+30"]

1. d4 Nf6 2. Nf3 b6 3. Bf4 Bb7 4. e3 Nh5 5. Bg3 Nxg3 6. hxg3 g6 7. Nbd2 Bg7 8. c3 d6 9. Bd3 Nd7 10. Qc2 c5 11. O-O-O a6 12. Rh2 b5 13. Rdh1 Nf8 14. Kb1 c4 15. Be2 Qd7 16. e4 Rc8 17. Ng5 h6 18. f4 Rg8 19. Nh3 Ne6 20. Bg4 h5 21. Bf3 b4 22. f5 Nf8 23. Nf2 Qb5 24. fxg6 fxg6 25. g4 bxc3 26. Qxc3 Ne6 27. a4 Qb6 28. Nxc4 Qxd4 29. Qxd4 Bxd4 30. Na5 Bxf2 31. Nxb7 Bg3 32. Rh3 h4 33. Rd1 Ng5 34. Rhh1 Rb8 35. Na5 Rb4 36. e5 Nxf3 37. gxf3 Bxe5 38. b3 g5 39. Kc2 Kf7 40. Rd3 Rc8+ 41. Kd2 Bf4+ 42. Ke2 Rc2+ 43. Ke1 Rc1+ 44. Rd1 Rc5 45. Nc4 Rxb3 1/2-1/2

[Event "FIDE WYCC Girls U14 2023"]
[Site "Montesilvano"]
[Date "2023.11.17"]
[Round "5.3"]
[White "Sezdbekova, Aizhan"]
[Black "Kirtadze, Anastasia"]
[Result "0-1"]
[ECO "B40"]
[WhiteElo "1594"]
[BlackElo "1921"]
[Annotator "NA"]
[PlyCount "66"]
[EventDate "2023.11.13"]
[EventType "swiss"]
[EventCountry "ITA"]
[SourceTitle "playchess.com"]
[Source "ChessBase"]
[SourceQuality "1"]
[TimeControl "40/5400+30:1800+30"]

1. e4 c5 2. Nf3 e6 3. c3 d5 4. exd5 Qxd5 5. d4 Nf6 6. Bd3 Be7 7. O-O O-O 8. c4 Qd8 9. dxc5 Bxc5 10. Nc3 h6 11. Qe2 Nc6 12. Rd1 Qc7 13. a3 Ng4 14. Be3 Nxe3 15. fxe3 a5 16. Na4 b6 17. Nxc5 bxc5 18. Bc2 Ne5 19. Rab1 Rb8 20. b3 Bb7 21. Nxe5 Qxe5 22. Rd7 Bc6 23. Ra7 Rbd8 24. Rd1 Rxd1+ 25. Bxd1 Rd8 26. Bc2 f5 27. Ra6 Bb7 28. Ra7 Rd7 29. e4 Qd4+ 30. Kf1 fxe4 31. Bxe4 Rf7+ 32. Bf3 Bxf3 33. Qxe6 Bd5+ 0-1

[Event "FIDE WYCC Girls U14 2023"]
[Site "Montesilvano"]
[Date "2023.11.17"]
[Round "5.4"]
[White "Khamdamova, Afruza"]
[Black "Montano Vicente, Guadalupe"]
[Result "*"]
[ECO "B54"]
[WhiteElo "2199"]
[BlackElo "1794"]
[Annotator "ChessBase"]
[PlyCount "83"]
[EventDate "2023.11.13"]
[EventType "swiss"]
[EventCountry "ITA"]
[SourceTitle "playchess.com"]
[Source "ChessBase"]
[SourceQuality "1"]
[TimeControl "40/5400+30:1800+30"]

1. e4 c5 2. Nf3 d6 3. d4 cxd4 4. Nxd4 Nf6 5. Nc3 a6 6. f4 Qc7 7. Bd3 g6 8. Nf3 Bg7 9. O-O O-O 10. Kh1 Nc6 11. Be3 b5 12. a4 b4 13. Nd5 Nxd5 14. exd5 Na5 15. Qe1 Bxb2 16. Rb1 Bc3 17. Qh4 Bg7 18. Rxb4 Qc3 19. f5 Bxf5 20. Bd2 Qc8 21. Ng5 h6 22. Ne4 h5 23. Rb6 Bxe4 24. Qxe4 Nb7 25. Qxe7 Nc5 26. Rc6 Qg4 27. Qe2 Qxe2 28. Bxe2 Rfe8 29. Bf3 Be5 30. a5 Reb8 31. Be3 Nd7 32. Be2 Nf6 33. Bg5 Nxd5 34. Bc4 Nb4 35. Bxf7+ Kg7 36. Rc7 Rf8 37. c3 Nc2 38. Bd5+ Kh8 39. Rc1 Rab8 40. Rc6 Na3 41. Rxa6 Rb1 42. Ra8 *

[Event "FIDE WYCC Girls U14 2023"]
[Site "Montesilvano"]
[Date "2023.11.17"]
[Round "5.5"]
[White "Sneha Halder"]
[Black "Mgeladze, Kesaria"]
[Result "0-1"]
[ECO "A00"]
[WhiteElo "1807"]
[BlackElo "2065"]
[Annotator "NA"]
[PlyCount "80"]
[EventDate "2023.11.13"]
[EventType "swiss"]
[EventCountry "ITA"]
[SourceTitle "playchess.com"]
[Source "ChessBase"]
[SourceQuality "1"]
[TimeControl "40/5400+30:1800+30"]

1. g3 Nf6 2. Bg2 g6 3. b3 Bg7 4. Bb2 O-O 5. e4 d6 6. Ne2 c5 7. O-O Nc6 8. f4 Bd7 9. h3 Qb6 10. Nbc3 Nd4 11. e5 dxe5 12. fxe5 Nxe2+ 13. Qxe2 Ne8 14. Nd5 Qd8 15. Nf4 Qc7 16. Rae1 Bc6 17. h4 Bxg2 18. Qxg2 Rd8 19. Bc3 Qc8 20. e6 Bxc3 21. dxc3 Ng7 22. Nd5 Qb8 23. Nxe7+ Kh8 24. Nxg6+ fxg6 25. Rxf8+ Rxf8 26. e7 Re8 27. Qf3 Qd6 28. g4 Kg8 29. Qe3 Qf6 30. g5 Qd6 31. Qe4 Nf5 32. Qxb7 Qg3+ 33. Kf1 Nxe7 34. Qe4 Rf8+ 35. Ke2 Qd6 36. Rf1 Nf5 37. Ke1 Rd8 38. Kf2 Qh2+ 39. Kf3 Qh3+ 40. Kf2 Qxf1+ 0-1

[Event "FIDE WYCC Girls U14 2023"]
[Site "Montesilvano"]
[Date "2023.11.17"]
[Round "5.6"]
[White "Lyutsinger, Iren"]
[Black "Avetisyan, Ani"]
[Result "0-1"]
[ECO "B13"]
[WhiteElo "2020"]
[BlackElo "1770"]
[Annotator "NA"]
[PlyCount "70"]
[EventDate "2023.11.13"]
[EventType "swiss"]
[EventCountry "ITA"]
[SourceTitle "playchess.com"]
[Source "ChessBase"]
[SourceQuality "1"]
[TimeControl "40/5400+30:1800+30"]

1. e4 c6 2. d4 d5 3. exd5 cxd5 4. c4 Nf6 5. Nc3 Nc6 6. Nf3 Bg4 7. cxd5 Nxd5 8. Qb3 Bxf3 9. gxf3 e6 10. Qxb7 Nxd4 11. Bb5+ Nxb5 12. Qc6+ Ke7 13. Qc5+ Nd6 14. Nxd5+ exd5 15. Qxd5 Qb8 16. O-O Qb7 17. Qd4 f6 18. Bf4 Rd8 19. Rac1 Kf7 20. Rfe1 Be7 21. Rc5 Rhe8 22. Qd3 Kg8 23. Qc3 Bf8 24. Rc1 Kh8 25. Rc6 Nf5 26. Rc7 Qd5 27. Qc6 Qxc6 28. R1xc6 Nd4 29. Ra6 Ne2+ 30. Kg2 Nxf4+ 31. Kg3 Bd6 32. Rxd6 Ne2+ 33. Kg2 Rxd6 34. Rxa7 Rd1 35. f4 Rg1+ 0-1

[Event "FIDE WYCC Girls U14 2023"]
[Site "Montesilvano"]
[Date "2023.11.17"]
[Round "5.7"]
[White "Romany, Joy"]
[Black "Arzur, Maia"]
[Result "*"]
[WhiteElo "1764"]
[BlackElo "1997"]
[Annotator "NA"]
[PlyCount "91"]
[EventDate "2023.11.13"]
[EventType "swiss"]
[EventCountry "ITA"]
[SourceTitle "playchess.com"]
[Source "ChessBase"]
[SourceQuality "1"]
[TimeControl "40/5400+30:1800+30"]

1. d4 d5 2. c4 e6 3. Nf3 Nf6 4. g3 Bb4+ 5. Bd2 Be7 6. Bg2 O-O 7. O-O Nbd7 8. Qc2 Ne4 9. Nc3 Nxd2 10. Nxd2 c6 11. e4 dxe4 12. Ndxe4 f5 13. Nd2 e5 14. d5 e4 15. Rad1 Qc7 16. Nb3 Nf6 17. Rd2 Ng4 18. Re2 Bg5 19. Nd1 Qf7 20. f3 Nf6 21. fxe4 fxe4 22. Bxe4 Bh3 23. Bg2 Bxg2 24. Kxg2 cxd5 25. Qf5 Qh5 26. Ref2 g6 27. Qe6+ Kg7 28. h4 Rae8 29. Qd6 Ne4 30. Qxd5 Nxf2 31. Rxf2 Bf6 32. Qxb7+ Re7 33. Qd5 Qxd5+ 34. cxd5 Rd8 35. Rd2 Kf7 36. Kf3 Re5 37. Nc3 Rf5+ 38. Ke4 Re8+ 39. Kd3 Rf3+ 40. Kc4 Bxc3 41. bxc3 Ree3 42. Rc2 Ke7 43. Kb4 Rxg3 44. c4 Rg4 45. Kb5 Ree4 46. c5 *

[Event "FIDE WYCC Girls U14 2023"]
[Site "Montesilvano"]
[Date "2023.11.17"]
[Round "5.8"]
[White "Stankovic, Andrea"]
[Black "Goriachkina, Oksana"]
[Result "0-1"]
[ECO "D43"]
[WhiteElo "1768"]
[BlackElo "1915"]
[Annotator "NA"]
[PlyCount "78"]
[EventDate "2023.11.13"]
[EventType "swiss"]
[EventCountry "ITA"]
[SourceTitle "playchess.com"]
[Source "ChessBase"]
[SourceQuality "1"]
[TimeControl "40/5400+30:1800+30"]

1. d4 d5 2. Nf3 Nf6 3. c4 e6 4. Nc3 c6 5. Bg5 h6 6. Bxf6 Qxf6 7. e3 g6 8. Be2 Bg7 9. O-O O-O 10. Ne5 c5 11. f4 Nc6 12. Bf3 cxd4 13. exd4 Qxf4 14. cxd5 Nxd4 15. Nd3 Nxf3+ 16. Rxf3 Qd4+ 17. Nf2 exd5 18. Rd3 Qh4 19. Nxd5 b6 20. g3 Qg5 21. Qf3 Bb7 22. Rad1 Rad8 23. Ne4 Qe5 24. Ndf6+ Bxf6 25. Nxf6+ Kg7 26. Nd5 Rxd5 27. Rxd5 Bxd5 28. Qxd5 Qxb2 29. Rf1 Qc3 30. Kg2 Qc5 31. Qd7 a6 32. Rf2 Qc4 33. Qd6 Qe4+ 34. Kg1 Qe6 35. Qd4+ Kg8 36. Rf6 Qxa2 37. Qxb6 Re8 38. Rf2 Re1+ 39. Kg2 Re2 0-1

[Event "FIDE WYCC Girls U14 2023"]
[Site "Montesilvano"]
[Date "2023.11.17"]
[Round "5.9"]
[White "Stefan, Iulia-Cristiana"]
[Black "Tsetskhladze, Mariam"]
[Result "0-1"]
[ECO "A46"]
[WhiteElo "1748"]
[BlackElo "1911"]
[Annotator "NA"]
[PlyCount "52"]
[EventDate "2023.11.13"]
[EventType "swiss"]
[EventCountry "ITA"]
[SourceTitle "playchess.com"]
[Source "ChessBase"]
[SourceQuality "1"]
[TimeControl "40/5400+30:1800+30"]

1. d4 Nf6 2. Nf3 e6 3. Bg5 h6 4. Bh4 d5 5. e3 Be7 6. Nbd2 O-O 7. Bd3 b6 8. Bxf6 Bxf6 9. Qe2 c5 10. c3 Nc6 11. h4 Bb7 12. O-O-O Rc8 13. Bc2 e5 14. dxe5 Bxe5 15. Qd3 f5 16. g4 Kh8 17. gxf5 Bf6 18. Ng5 Ne5 19. Qe2 d4 20. Nde4 d3 21. Bxd3 Nxd3+ 22. Rxd3 Qe7 23. Qg4 Bxg5 24. hxg5 Qxe4 25. Rxh6+ gxh6 26. Qh5 Qh1+ 0-1

[Event "FIDE WYCC Girls U14 2023"]
[Site "Montesilvano"]
[Date "2023.11.17"]
[Round "5.10"]
[White "Khulan, Bayarsaikhan"]
[Black "Stoll, Lucia"]
[Result "1-0"]
[ECO "A13"]
[WhiteElo "1615"]
[BlackElo "1887"]
[Annotator "NA"]
[PlyCount "81"]
[EventDate "2023.11.13"]
[EventType "swiss"]
[EventCountry "ITA"]
[SourceTitle "playchess.com"]
[Source "ChessBase"]
[SourceQuality "1"]
[TimeControl "40/5400+30:1800+30"]

1. Nf3 d5 2. c4 e6 3. g3 Nf6 4. Bg2 dxc4 5. Qa4+ Nbd7 6. Qxc4 a6 7. Qc2 c5 8. O-O b5 9. b3 Bb7 10. Bb2 Be7 11. d4 Rc8 12. dxc5 Bxc5 13. Qd2 O-O 14. e3 Qb6 15. b4 Be7 16. a3 Rfd8 17. Qe2 Bd5 18. Nbd2 Qb7 19. Rac1 Nb6 20. Rfd1 Ne4 21. Bf1 Na4 22. Nxe4 Bxe4 23. Ne1 Nxb2 24. Rxd8+ Rxd8 25. Qxb2 Bf6 26. Qe2 Qd7 27. Bg2 Bxg2 28. Kxg2 g6 29. Qc2 Qd5+ 30. Nf3 Qd3 31. Qc7 Kg7 32. Rc6 Qe2 33. Ne5 Bxe5 34. Qxd8 Bf6 35. Qd7 Qg4 36. Rc7 Qe4+ 37. f3 Qxe3 38. Qxf7+ Kh6 39. Qxh7+ Kg5 40. Rc5+ e5 41. Qh4+ 1-0

[Event "FIDE WYCC Girls U14 2023"]
[Site "Montesilvano"]
[Date "2023.11.17"]
[Round "5.11"]
[White "Chasouraki, Chrysi"]
[Black "Negre, Emilie"]
[Result "*"]
[ECO "C77"]
[WhiteElo "1559"]
[BlackElo "1871"]
[Annotator "NA"]
[PlyCount "83"]
[EventDate "2023.11.13"]
[EventType "swiss"]
[EventCountry "ITA"]
[SourceTitle "playchess.com"]
[Source "ChessBase"]
[SourceQuality "1"]
[TimeControl "40/5400+30:1800+30"]

1. e4 e5 2. Nf3 Nc6 3. Bb5 a6 4. Ba4 Nf6 5. d3 b5 6. Bb3 Bc5 7. Bg5 h6 8. Bh4 d6 9. c3 Bb6 10. a4 Rb8 11. axb5 axb5 12. Na3 g5 13. Bg3 Ne7 14. Nxb5 Ng6 15. Ba4 O-O 16. h4 g4 17. Nh2 d5 18. h5 Nf4 19. Bxf4 exf4 20. e5 Qe7 21. d4 g3 22. fxg3 fxg3 23. Nf3 Ne4 24. Rh4 c6 25. Na3 Ba5 26. Qc1 Rxb2 27. Rxe4 dxe4 28. Qxb2 exf3 29. gxf3 Qh4 30. O-O-O Qxh5 31. Bxc6 Qg5+ 32. Qd2 Qxd2+ 33. Kxd2 h5 34. Nc4 Bd8 35. f4 h4 36. Bf3 h3 37. Rg1 Bh4 38. Ne3 Kg7 39. Nf1 g2 40. Ke3 Rg8 41. c4 Kf8 42. d5 *

[Event "FIDE WYCC Girls U14 2023"]
[Site "Montesilvano"]
[Date "2023.11.17"]
[Round "5.12"]
[White "Maral Altankhuyag"]
[Black "Zhang, Michelle"]
[Result "*"]
[WhiteElo "1398"]
[BlackElo "1833"]
[Annotator "NA"]
[PlyCount "90"]
[EventDate "2023.11.13"]
[EventType "swiss"]
[EventCountry "ITA"]
[SourceTitle "playchess.com"]
[Source "ChessBase"]
[SourceQuality "1"]
[TimeControl "40/5400+30:1800+30"]

1. d4 d5 2. c4 e6 3. Nf3 Nf6 4. g3 Be7 5. Bg2 O-O 6. O-O c6 7. Nbd2 b6 8. Qc2 Bb7 9. Ne5 Nbd7 10. b3 Rc8 11. Nxd7 Qxd7 12. c5 bxc5 13. dxc5 e5 14. Nf3 Qc7 15. Bb2 Nd7 16. b4 a5 17. a3 Ba6 18. Bh3 e4 19. Nd4 Rb8 20. Nf5 Bf6 21. Bxf6 Nxf6 22. Qd2 Ne8 23. f4 Bc4 24. Ne3 Ba6 25. Rf2 Nf6 26. Qd4 axb4 27. axb4 Bb5 28. g4 Ra8 29. Raf1 Ra2 30. g5 Ne8 31. Bg4 Qa7 32. f5 Qa3 33. Rb1 Qa4 34. f6 g6 35. h4 Ra3 36. Bd7 Qa7 37. Bg4 Qb8 38. Kg2 Nc7 39. h5 Ne6 40. Bxe6 fxe6 41. f7+ Rxf7 42. Rxf7 Kxf7 43. Qf6+ Kg8 44. hxg6 Ra7 45. Ng4 Rg7 *

[Event "FIDE WYCC Girls U14 2023"]
[Site "Montesilvano"]
[Date "2023.11.17"]
[Round "5.13"]
[White "Dicen, Elis Denele"]
[Black "Andries, Alexia"]
[Result "1-0"]
[ECO "E73"]
[WhiteElo "1976"]
[BlackElo "1750"]
[Annotator "NA"]
[PlyCount "83"]
[EventDate "2023.11.13"]
[EventType "swiss"]
[EventCountry "ITA"]
[SourceTitle "playchess.com"]
[Source "ChessBase"]
[SourceQuality "1"]
[TimeControl "40/5400+30:1800+30"]

1. d4 Nf6 2. c4 g6 3. Nc3 Bg7 4. e4 d6 5. Be2 O-O 6. Bg5 h6 7. Be3 Nbd7 8. Qd2 Kh7 9. f3 e5 10. d5 a6 11. O-O-O b5 12. cxb5 axb5 13. Bxb5 Bb7 14. Nge2 Nb6 15. g4 Ba6 16. Bxb6 cxb6 17. Kb1 Nd7 18. Nc1 Bxb5 19. Nxb5 Nc5 20. Nd3 Qd7 21. Nc3 Bf6 22. h4 Bd8 23. Nb4 b5 24. Nc6 Qb7 25. Ne2 Qa6 26. Nc1 Bb6 27. Rh2 Qb7 28. Re2 Nd7 29. f4 Ra4 30. b3 Raa8 31. h5 Kg7 32. g5 hxg5 33. fxe5 Nxe5 34. Nxe5 dxe5 35. Qxg5 Bd4 36. Nd3 Rh8 37. hxg6 f6 38. Qf5 Ra6 39. Nb4 Rd6 40. Rc2 Qb6 41. Rdc1 Rhd8 42. Rc7+ 1-0

[Event "FIDE WYCC Girls U14 2023"]
[Site "Montesilvano"]
[Date "2023.11.17"]
[Round "5.14"]
[White "Iordache, Alexia-Andreea"]
[Black "Sachi Jain"]
[Result "0-1"]
[ECO "C77"]
[WhiteElo "1892"]
[BlackElo "1743"]
[Annotator "NA"]
[PlyCount "128"]
[EventDate "2023.11.13"]
[EventType "swiss"]
[EventCountry "ITA"]
[SourceTitle "playchess.com"]
[Source "ChessBase"]
[SourceQuality "1"]
[TimeControl "40/5400+30:1800+30"]

1. e4 e5 2. Nf3 Nc6 3. Bb5 a6 4. Ba4 Nf6 5. Nc3 Be7 6. d3 b5 7. Bb3 d6 8. a3 h6 9. h3 Na5 10. Ba2 c5 11. Bd2 Qc7 12. Nd5 Nxd5 13. Bxd5 Bb7 14. Bxb7 Nxb7 15. Qe2 Rc8 16. Rc1 O-O 17. O-O Nd8 18. Nh2 Ne6 19. Qh5 Bg5 20. Bxg5 hxg5 21. Rfe1 f6 22. Nf1 Qf7 23. Qe2 Nf4 24. Qe3 g6 25. Qg3 Kg7 26. Ne3 Rh8 27. a4 Qd7 28. axb5 axb5 29. Ra1 Ra8 30. Qf3 Qe6 31. b3 Rhd8 32. Reb1 Rf8 33. Nd1 Qd7 34. Nc3 Qb7 35. Qg4 Kf7 36. Nd1 Ne6 37. Ne3 Rxa1 38. Rxa1 Ra8 39. Rf1 Qc8 40. h4 Nd4 41. Qxc8 Rxc8 42. Ra1 gxh4 43. Ra7+ Kg8 44. Nd5 Rf8 45. Ne7+ Kg7 46. Nf5+ Kg8 47. Ne3 Rf7 48. Ra6 Rd7 49. Kh2 Kf7 50. Kh3 f5 51. Ra2 f4 52. Nd5 g5 53. Kg4 Kg6 54. Nb6 Rb7 55. Nc8 h3 56. Nxd6 hxg2 57. Ra1 Rh7 58. Nf5 Rh1 59. Ra6+ Kf7 60. Nd6+ Ke7 61. Nf5+ Nxf5 62. Kxf5 g1=Q 63. Kxe5 Qxf2 64. Ra7+ Kd8 0-1

[Event "FIDE WYCC Girls U14 2023"]
[Site "Montesilvano"]
[Date "2023.11.17"]
[Round "5.15"]
[White "Caku, Kler"]
[Black "Sosovickova, Martina"]
[Result "1-0"]
[ECO "C45"]
[WhiteElo "1740"]
[BlackElo "1877"]
[Annotator "NA"]
[PlyCount "85"]
[EventDate "2023.11.13"]
[EventType "swiss"]
[EventCountry "ITA"]
[SourceTitle "playchess.com"]
[Source "ChessBase"]
[SourceQuality "1"]
[TimeControl "40/5400+30:1800+30"]

1. e4 e5 2. Nf3 Nc6 3. d4 exd4 4. Nxd4 Bc5 5. Be3 Qf6 6. c3 Qg6 7. Nd2 Nf6 8. Qc2 Ng4 9. Qd3 Nxe3 10. Qxe3 O-O 11. N2b3 Bb6 12. O-O-O Re8 13. Bd3 Ne5 14. Bc2 d6 15. h3 a5 16. f4 Qh6 17. Nd2 Ng6 18. Rdf1 d5 19. g4 Nf8 20. g5 Qd6 21. e5 Qe7 22. h4 c5 23. Nb5 Bd7 24. c4 Bxb5 25. cxb5 Qe6 26. h5 c4 27. Qc3 Rac8 28. Nf3 d4 29. Nxd4 Bxd4 30. Qxd4 c3 31. b3 a4 32. g6 fxg6 33. hxg6 Kh8 34. Rd1 Qg4 35. Rdg1 Qe2 36. Re1 Qxb5 37. f5 Red8 38. Rxh7+ Kg8 39. Qh4 Nxh7 40. Qxh7+ Kf8 41. Qh8+ Ke7 42. Qxg7+ Ke8 43. Qf7# 1-0

[Event "FIDE WYCC Girls U14 2023"]
[Site "Montesilvano"]
[Date "2023.11.17"]
[Round "5.16"]
[White "Maklakova, Naomi"]
[Black "Qi, Jenny"]
[Result "*"]
[ECO "A45"]
[WhiteElo "1873"]
[BlackElo "1737"]
[Annotator "NA"]
[PlyCount "91"]
[EventDate "2023.11.13"]
[EventType "swiss"]
[EventCountry "ITA"]
[SourceTitle "playchess.com"]
[Source "ChessBase"]
[SourceQuality "1"]
[TimeControl "40/5400+30:1800+30"]

1. d4 Nf6 2. Nc3 d5 3. Bf4 g6 4. Qd2 c6 5. f3 Nbd7 6. e4 dxe4 7. fxe4 Nb6 8. O-O-O Bg7 9. Be2 O-O 10. Bh6 Ng4 11. Bxg7 Kxg7 12. Qf4 h5 13. h3 Nf6 14. g4 hxg4 15. hxg4 Rh8 16. Nh3 Be6 17. Nf2 Qd6 18. Qd2 Qg3 19. Rdf1 Rxh1 20. Nxh1 Qh4 21. Nf2 Nxg4 22. Bxg4 Bxg4 23. Rh1 Qg3 24. Qh6+ Kf6 25. Rf1 Bf3 26. e5+ Ke6 27. Nfe4 Bxe4 28. Nxe4 Qg2 29. Nc5+ Kd5 30. Qf4 Rf8 31. b3 g5 32. c4+ Nxc4 33. bxc4+ Kxc4 34. Qf2 Qxf2 35. Rxf2 Kxd4 36. Ne6+ Ke3 37. Rf1 Rg8 38. Rxf7 g4 39. Nf4 Kf2 40. Kd2 g3 41. Ne2+ Kg2 42. Rxe7 Kf3 43. Rxb7 g2 44. Ng1+ Kf2 45. Nh3+ Kg3 46. Rb3+ *

[Event "FIDE WYCC Girls U14 2023"]
[Site "Montesilvano"]
[Date "2023.11.17"]
[Round "5.17"]
[White "Huseynova, Lala"]
[Black "Trunz, Tamila"]
[Result "1-0"]
[ECO "B40"]
[WhiteElo "1867"]
[BlackElo "1732"]
[Annotator "NA"]
[PlyCount "59"]
[EventDate "2023.11.13"]
[EventType "swiss"]
[EventCountry "ITA"]
[SourceTitle "playchess.com"]
[Source "ChessBase"]
[SourceQuality "1"]
[TimeControl "40/5400+30:1800+30"]

1. e4 c5 2. Nf3 e6 3. d4 cxd4 4. Nxd4 Nf6 5. Nc3 Nc6 6. Ndb5 Bc5 7. Bf4 O-O 8. Bc7 Qe7 9. Bd6 Bxd6 10. Qxd6 Qd8 11. Be2 Ne8 12. Qd2 a6 13. Nd6 Nxd6 14. Qxd6 f5 15. exf5 Rxf5 16. O-O b5 17. Bg4 Rf6 18. Rad1 Qb6 19. Ne4 Rg6 20. Bf3 e5 21. Qd5+ Kh8 22. Bh5 Re6 23. Ng5 g6 24. Nxe6 dxe6 25. Qf3 Kg7 26. Rd6 Bb7 27. Rd7+ Kh6 28. Rxh7+ Kxh7 29. Qf7+ Kh8 30. Bxg6 1-0

[Event "FIDE WYCC Girls U14 2023"]
[Site "Montesilvano"]
[Date "2023.11.17"]
[Round "5.18"]
[White "Zagorac, Lara"]
[Black "Aswinika Mani R"]
[Result "1-0"]
[ECO "D02"]
[WhiteElo "1866"]
[BlackElo "1472"]
[Annotator "NA"]
[PlyCount "103"]
[EventDate "2023.11.13"]
[EventType "swiss"]
[EventCountry "ITA"]
[SourceTitle "playchess.com"]
[Source "ChessBase"]
[SourceQuality "1"]
[TimeControl "40/5400+30:1800+30"]

1. Nf3 d5 2. d4 Nf6 3. c4 e6 4. g3 c6 5. Bg2 Bd6 6. O-O O-O 7. Qc2 Nbd7 8. Rd1 b6 9. b3 Bb7 10. Nc3 Rc8 11. e4 dxe4 12. Nxe4 Nxe4 13. Qxe4 Nf6 14. Qe2 Qe7 15. Be3 c5 16. Rd2 Ne4 17. Rd3 cxd4 18. Nxd4 Nc5 19. Rd2 Bxg2 20. Kxg2 Ne4 21. Rc2 f5 22. f3 Nc5 23. Rd1 a6 24. Rcd2 f4 25. Bf2 e5 26. Nc2 Rcd8 27. Bxc5 bxc5 28. Qe4 Rf6 29. Rd5 Rg6 30. b4 Qg5 31. bxc5 fxg3 32. h4 Qh6 33. Rxd6 Rf8 34. Rxg6 hxg6 35. Qg4 e4 36. Qg5 exf3+ 37. Kxg3 f2 38. Qxh6 gxh6 39. Rf1 Rc8 40. Rxf2 Rxc5 41. Ne3 Kg7 42. Kf3 Kf6 43. Ke4+ Ke6 44. Kd4 Rh5 45. Ng2 g5 46. c5 Kd7 47. Rf5 a5 48. Kd5 a4 49. c6+ Kc7 50. Kc5 a3 51. Rf7+ Kc8 52. Kd6 1-0

[Event "FIDE WYCC Girls U14 2023"]
[Site "Montesilvano"]
[Date "2023.11.17"]
[Round "5.19"]
[White "Skramstad, Oda Kofoed"]
[Black "Cutiyog, Jirah Floravie"]
[Result "1/2-1/2"]
[ECO "E91"]
[WhiteElo "1801"]
[BlackElo "1305"]
[Annotator "NA"]
[PlyCount "147"]
[EventDate "2023.11.13"]
[EventType "swiss"]
[EventCountry "ITA"]
[SourceTitle "playchess.com"]
[Source "ChessBase"]
[SourceQuality "1"]
[TimeControl "40/5400+30:1800+30"]

1. d4 Nf6 2. c4 g6 3. Nc3 Bg7 4. e4 d6 5. Nf3 O-O 6. Be2 Nbd7 7. O-O e5 8. a3 Re8 9. d5 Nc5 10. Qc2 Ng4 11. b4 Na6 12. Bg5 f6 13. Bh4 g5 14. Bg3 Nh6 15. Nd2 c5 16. bxc5 Nxc5 17. f3 f5 18. exf5 Nxf5 19. Bf2 Nd4 20. Qd1 Nxe2+ 21. Nxe2 e4 22. Bd4 Bxd4+ 23. Nxd4 e3 24. Ne4 Nxe4 25. fxe4 Rxe4 26. Qd3 Re5 27. Rae1 Qe7 28. Rf3 e2 29. Rxe2 Rxe2 30. Qxe2 Qxe2 31. Nxe2 Bg4 32. Re3 Bxe2 33. Rxe2 Rc8 34. Re4 Kf7 35. Kf2 Re8 36. Rd4 Kf6 37. a4 b6 38. h3 Ke5 39. Rd1 Kf5 40. a5 Re4 41. axb6 axb6 42. Rb1 Rxc4 43. Rxb6 Ke5 44. Rb7 Rh4 45. Rb5 h6 46. Ke3 Re4+ 47. Kd3 Rd4+ 48. Ke3 Rxd5 49. Rb8 Rd4 50. g3 Ra4 51. Rh8 Ra3+ 52. Kf2 Ke4 53. Rxh6 Ra2+ 54. Ke1 Kf3 55. Rxd6 Kxg3 56. Rd3+ Kh4 57. Kf1 Rh2 58. Rd4+ Kxh3 59. Rd3+ Kh4 60. Ra3 Rb2 61. Kg1 Rb4 62. Kh2 Rf4 63. Kg2 Kg4 64. Rb3 Ra4 65. Rc3 Kf4 66. Rb3 g4 67. Rc3 Ra2+ 68. Kg1 Kg5 69. Rb3 Kh4 70. Rc3 Re2 71. Ra3 g3 72. Ra8 Re1+ 73. Kg2 Re2+ 74. Kg1 1/2-1/2

[Event "FIDE WYCC Girls U14 2023"]
[Site "Montesilvano"]
[Date "2023.11.17"]
[Round "5.20"]
[White "Jankovic, Tamara"]
[Black "Lorenz, Veronika"]
[Result "1/2-1/2"]
[ECO "C23"]
[WhiteElo "1711"]
[BlackElo "1791"]
[Annotator "NA"]
[PlyCount "117"]
[EventDate "2023.11.13"]
[EventType "swiss"]
[EventCountry "ITA"]
[SourceTitle "playchess.com"]
[Source "ChessBase"]
[SourceQuality "1"]
[TimeControl "40/5400+30:1800+30"]

1. e4 e5 2. Nf3 Nc6 3. Bc4 Bc5 4. c3 d6 5. d4 exd4 6. cxd4 Bb6 7. O-O Nf6 8. Nc3 O-O 9. h3 Nxe4 10. Nxe4 d5 11. Bxd5 Qxd5 12. Nc3 Qh5 13. Bf4 Be6 14. d5 Rad8 15. Ng5 Qg6 16. Qd2 h6 17. Nxe6 fxe6 18. Rad1 exd5 19. Nxd5 Qf7 20. Be3 Ba5 21. Qd3 Nb4 22. Nxb4 Rxd3 23. Nxd3 Bb6 24. Bxb6 axb6 25. a3 Qb3 26. Rd2 c5 27. Re1 c4 28. Nb4 Rf7 29. Re3 Qa4 30. Nd5 Qa5 31. Nc3 Qf5 32. Rf3 Qe6 33. Re3 Qc6 34. Nd5 Qc5 35. Nc3 Kh7 36. Ne4 Qc7 37. Nc3 Rd7 38. Nd5 Qd8 39. Re5 b5 40. Kf1 Rd6 41. Ke2 Qf8 42. g3 Qc8 43. g4 Qd8 44. f4 Qh4 45. Re3 Qd8 46. Re5 Qc8 47. Kd1 Qc6 48. f5 c3 49. bxc3 Qc4 50. Ke1 b6 51. Kf2 Qc5+ 52. Kf1 Qc4+ 53. Kf2 Kg8 54. Re8+ Kh7 55. Re5 Qc5+ 56. Kf1 Qc6 57. Kf2 Qd7 58. Kg3 Qd8 59. h4 1/2-1/2

[Event "FIDE WYCC Girls U14 2023"]
[Site "Montesilvano"]
[Date "2023.11.17"]
[Round "5.21"]
[White "Gaszka, Zuzanna"]
[Black "Blauhut, Anna"]
[Result "1-0"]
[ECO "C26"]
[WhiteElo "1758"]
[BlackElo "1640"]
[Annotator "NA"]
[PlyCount "69"]
[EventDate "2023.11.13"]
[EventType "swiss"]
[EventCountry "ITA"]
[SourceTitle "playchess.com"]
[Source "ChessBase"]
[SourceQuality "1"]
[TimeControl "40/5400+30:1800+30"]

1. e4 e5 2. Nc3 Nf6 3. Bc4 Bc5 4. d3 a6 5. f4 d6 6. f5 c6 7. Qf3 Nbd7 8. Nge2 Nb6 9. Bb3 Bd7 10. Bd2 Qc7 11. Qg3 Ke7 12. Qxg7 d5 13. exd5 Rag8 14. d6+ Qxd6 15. Qxf7+ Kd8 16. O-O-O Kc8 17. Ne4 Nxe4 18. dxe4 Rxg2 19. Ng3 Rxd2 20. Rxd2 Be3 21. Rhd1 Rd8 22. Nf1 Bxd2+ 23. Nxd2 Qh6 24. a4 Kc7 25. Kb1 Qxh2 26. a5 Nc8 27. Nc4 Qe2 28. Rd3 Qxe4 29. f6 Qf5 30. Nb6 e4 31. Rc3 Nd6 32. Nd5+ Kb8 33. Qe7 Nf7 34. Ne3 Qxa5 35. Bxf7 1-0

[Event "FIDE WYCC Girls U14 2023"]
[Site "Montesilvano"]
[Date "2023.11.17"]
[Round "5.22"]
[White "Saparya Ghosh"]
[Black "Mueller, Riyanna"]
[Result "*"]
[ECO "D20"]
[WhiteElo "1659"]
[BlackElo "1754"]
[Annotator "NA"]
[PlyCount "82"]
[EventDate "2023.11.13"]
[EventType "swiss"]
[EventCountry "ITA"]
[SourceTitle "playchess.com"]
[Source "ChessBase"]
[SourceQuality "1"]
[TimeControl "40/5400+30:1800+30"]

1. d4 d5 2. c4 dxc4 3. e3 e5 4. Bxc4 exd4 5. exd4 Nf6 6. Nf3 Bd6 7. O-O O-O 8. Nc3 Bg4 9. Nb5 c6 10. Nxd6 Qxd6 11. Be3 Nbd7 12. Be2 Nd5 13. Qd2 Rfe8 14. Rae1 N7f6 15. Ne5 Nxe3 16. Qxe3 Bxe2 17. Rxe2 Nd5 18. Qf3 Qf6 19. Qg3 Qf4 20. Qd3 Rad8 21. Rfe1 f6 22. Nd7 Rxe2 23. Qxe2 Qf5 24. Nc5 b6 25. Nd3 Qd7 26. Qe6+ Qxe6 27. Rxe6 c5 28. Re4 Nc7 29. Re7 Rxd4 30. Rxc7 Rxd3 31. g3 Rd2 32. Rxa7 Rxb2 33. Rb7 c4 34. Rc7 Rxa2 35. Rxc4 Ra7 36. Rc8+ Kf7 37. Rb8 Ra6 38. Rb7+ Kg6 39. g4 Ra1+ 40. Kg2 Rb1 41. h4 b5 *